 Dungeon Crawl Stone Soup version 0.30-a0-1164-ge08a67761e (webtiles) character file.

Game seed: 12501927584993335382

7 graymark the Trooper (level 2, 28/28 HPs)
             Began as a Naga Fighter on Apr 29, 2023.
             Was a Follower of Kikubaaqudgha.
             Quit the game on level 1 of the Dungeon.
             The game lasted 00:01:24 (212 turns).

graymark the Trooper (Naga Fighter)                  Turns: 212, Time: 00:01:25

Health: 28/28      AC:  4    Str: 18    XL:     2   Next: 0%
Magic:  2/2        EV:  7    Int:  8    God:    Kikubaaqudgha [*.....]
Gold:   13         SH:  4    Dex: 10    Spells: 1/1 levels left

rFire   . . .        a - +0 war axe
rCold   . . .        c - +0 buckler
rNeg    . . .        b - +0 scale mail
rPois   +            (no helmet)
rElec   .            (no cloak)
rCorr   .            (no gloves)
SInv    +            (no barding)
Will    .....        (no amulet) Stlth
                     (no ring)
HPRegen 0.24/turn    (no ring)
MPRegen 0.08/turn

%: no passive effects
@: very slow
A: AC +0, large, see invisible, deformed body, poison resistance, slowness 2,
spit poison 1, naga tail 1
a: Spit Poison, Renounce Religion, Unearth Wretches


You were on level 1 of the Dungeon.
You worshipped Kikubaaqudgha.
Kikubaaqudgha was aware of your devotion.
You visited 1 branch of the dungeon, and saw 1 of its levels.

You collected 13 gold pieces.

Inventory:

Hand Weapons
 a - a +0 war axe (weapon)
Armour
 b - a +0 scale mail (worn)
 c - a +0 buckler (worn)
Scrolls
 f - a scroll of vulnerability {unknown}
Potions
 d - a potion of might
 e - a potion of degeneration {unknown}


   Skills:
 + Level 3.1 Fighting
 + Level 2.1 Axes
 + Level 2.5 Armour
 + Level 0.2 Dodging
 + Level 2.8 Shields


You had one spell level left.
You didn't know any spells.
Your spell library contained the following spells:

 Spells                   Type           Power      Damage    Failure   Level
 Kiss of Death            Conj/Necr      0%         2d5       87%         1
 Necrotise                Necr           0%         1d4       87%         1
 Shock                    Conj/Air       0%         1d3       87%         1
 Cigotuvi's Dreadful Rot  Necr/Pois/Air  0%         N/A       95%         2
 Sublimation of Blood     Necr           0%         N/A       95%         2
 Swiftness                Air            0%         N/A       99%         3
 Airstrike                Air            0%         2d(0-16)  100%        4


Dungeon Overview and Level Annotations

Branches:
Dungeon (1/15)

Altars:
Kikubaaqudgha


Innate Abilities, Weirdness & Mutations

Your serpentine skin is tough. (AC +0)
You have supernaturally acute eyesight. (SInv)
Armour fits poorly on your strangely shaped body.
Your system is resistant to poisons. (rPois)
You cover ground very slowly.
You can spit poison.
You have a snake-like lower body.


Message History

The bat hits you but does no damage. x2
You closely miss the bat.
The bat is moderately wounded.
The bat barely misses you. The bat hits you. The bat barely misses you.
You miss the bat.
The bat is moderately wounded.
The bat hits you but does no damage. The bat hits you but does no damage.
You block the bat's attack. The bat hits you.
The bat hits you but does no damage.
You miss the bat. The bat hits you but does no damage.
You hit the bat.
The bat is moderately wounded.
You block the bat's attack.
You barely miss the bat.
The bat is moderately wounded.
You block the bat's attack. x2
You slash the bat!
You kill the bat!
No target in view!
No target in view!
A giant cockroach comes into view.
A giant cockroach is nearby!
A giant cockroach is nearby!
The giant cockroach bites you but does no damage.
You slash the giant cockroach!
You kill the giant cockroach!
You have reached level 2!
Found a stone staircase leading down.
You pick up a book of Air and begin reading...
You add the spells Shock, Swiftness and Airstrike to your library.
Search for what [? for help]? alta You enter the shallow water.
There is a faded altar of an unknown god here.
This altar belongs to (a) Okawaru, (b) Lugonu or (c) Kikubaaqudgha, but you can't tell which.
Press the corresponding letter to learn more about a god, or press enter to convert or escape to cancel.
Kikubaaqudgha accepts your prayer! Kikubaaqudgha welcomes you!
You can now bring forth the wretched and dying.
Kikubaaqudgha grants you a gift!
You add the spells Kiss of Death, Necrotise, Cigotuvi's Dreadful Rot and Sublimation of Blood to your library.
Are you sure you want to abandon this character and quit the game? (Confirm with "yes".)

8###### #.##.## ##
#8#8#8# #.##..#
......########.##.#.#
..###.'.....##.##.##.#
......####.....##.# ##
#8#8#8# ##.#####.##
8###### #.##.....# ##
#.##.~~~.# 8#
#.##.~@~.# ##
#....~~~.# 8# .
#.#......# ## #..
#.#####..# 8# .... #.#
#.## ##..... #.# #.#
....... #.# .# #######
#.# .#
.##########.#####.#


There were no monsters in sight!

Vanquished Creatures
  A ball python (D:1)
  2 bats (D:1)
  2 giant cockroaches (D:1)
  A rat (D:1)
6 creatures vanquished.

Notes
Turn   | Place    | Note
-------+----------+-------------------------------------------
     0 | D:1      | graymark the Naga Fighter began the quest for the Orb.
     0 | D:1      | Reached XP level 1. HP: 21/21 MP: 1/1
    69 | D:1      | Found a faded altar of an unknown god.
   181 | D:1      | Reached XP level 2. HP: 28/28 MP: 2/2
   211 | D:1      | Prayed at the altar of an unknown god.
   211 | D:1      | Became a worshipper of Kikubaaqudgha
   211 | D:1      | Reached * piety under Kikubaaqudgha
   211 | D:1      | Received a gift from Kikubaaqudgha
   212 | D:1      | Quit the game

Illustrated notes

Levels and vault maps discovered:
D:1:      heliophobic_arrival_ceremonial_halls, layout_loops_ring,
          hellmonk_ecumenical_altar_pennies_from_heaven, corexii_hall_statues_s,
          chequers_jeans

Action                     || total
---------------------------++-------
  Melee: War axe           ||    22
 Armour: Scale mail        ||    21
  Dodge: Dodged            ||     8
  Block: Buckler           ||     6

Table legend: (Time is in decaauts)
 A = Elapsed time spent in this place.
 B = Non-inter-level travel time spent in this place.
 C = Inter-level travel time spent in this place.
 D = Time resting spent in this place.
 E = Time spent auto-exploring this place.
 F = Levels seen in this place.
 G = Mean time per level.
                   A        B        C        D        E       F      G
               +--------+--------+--------+--------+--------+-----+--------+
         Total |    280 |    243 |     37 |      0 |    180 |   1 |  280.0 |
       Dungeon |    280 |    243 |     37 |      0 |    180 |   1 |  280.0 |
               +--------+--------+--------+--------+--------+-----+--------+

Top non-repeatable levels by time:
     D:1: 280 daAuts
